 Dungeon Crawl Stone Soup version 0.31-a0-152-g6aa68a64a1 (webtiles) character file.

Game seed: 478655149424485413

249 qw the Shooter (level 6, 0/56 HPs)
             Began as a Naga Hunter on June 10, 2023.
             Slain by a gnoll
             ... wielding a +0 flail
             ... led by a gnoll sergeant
              (2 damage)
             ... on level 4 of the Dungeon.
             The game lasted 00:01:02 (2428 turns).

qw the Shooter (Naga Hunter)                        Turns: 2428, Time: 00:01:03

Health: 0/56       AC:  8    Str: 13    XL:     6   Next: 12%
Magic:  6/6        EV:  8    Int:  9    God:
Gold:   217        SH:  0    Dex: 17    Spells: 5/5 levels left

rFire   . . .        Y - +1 shortbow
rCold   + + .        (shield currently unavailable)
rNeg    . . .        b - +2 ring mail {rC+}
rPois   +            h - +2 hat
rElec   .            (no cloak)
rCorr   .            (no gloves)
SInv    +            (no barding)
Will    .....        g - amulet of faith
Stlth   +            c - ring of protection from cold
HPRegen 0.29/turn    (no ring)
MPRegen 0.10/turn

%: faith
@: short of breath, very slow
A: AC +2, large, see invisible, deformed body, poison resistance, slowness 2,
spit poison 1, naga tail 1
a: Spit Poison


You were on level 4 of the Dungeon.
You visited 1 branch of the dungeon, and saw 4 of its levels.

You collected 217 gold pieces.


Innate Abilities, Weirdness & Mutations

Your serpentine skin is tough. (AC +2)
You have supernaturally acute eyesight. (SInv)
Armour fits poorly on your strangely shaped body.
Your system is resistant to poisons. (rPois)
You cover ground very slowly.
You can spit poison.
You have a snake-like lower body.


   Skills:
 + Level 3.4 Fighting
 - Level 6.0 Ranged Weapons
 - Level 1.5 Dodging
 - Level 1.5 Stealth


You had 5 spell levels left.
You didn't know any spells.
Your spell library was empty.

Inventory:

Hand Weapons
 Y - a +1 shortbow (weapon)
Armour
 b - a +2 ring mail of cold resistance (worn)
 h - a +2 hat (worn)
 j - a +0 pair of gloves
Jewellery
 c - a ring of protection from cold (left hand)
 g - an amulet of faith (around neck)
Scrolls
 d - 2 scrolls of identify
 e - a scroll of vulnerability {unknown}
 i - a scroll of amnesia {unknown}
Potions
 a - a potion of resistance
 f - a potion of mutation {unknown}

Dungeon Overview and Level Annotations

Branches:
Dungeon (4/15)
 Temple: D:4-7

Altars:
The Shining One

Shops:
D:1 :!!


Message History

The gnoll sergeant hits you from afar with a +2 heavy spear!
You shoot an arrow. The arrow barely misses the gnoll.
The arrow hits the gnoll sergeant but does no damage.
The gnoll closely misses you.
You shoot an arrow. The arrow hits the gnoll.
The gnoll is almost dead.
You have got your breath back.
The gnoll sergeant hits you from afar with a +2 heavy spear.
The gnoll hits you with a +0 flail.
2424 ||| INVOKING Spit Poison.
Aiming: Spit Poison (1% risk of failure)
Press: ? - help, Shift-Dir - straight line, f/p - gnoll The splash of poison hits the gnoll.
You kill the gnoll!
The gnoll sergeant hits you from afar with a +2 heavy spear!
Your Ranged Weapons skill increases to level 6!
You shoot an arrow. The arrow hits the gnoll.
The gnoll is lightly wounded.
The gnoll barely misses you.
The gnoll sergeant hits you from afar with a +2 heavy spear!
The gnoll hits you but does no damage.
The gnoll hits you from afar with a +0 spear.
You shoot an arrow. The arrow hits the gnoll!
The gnoll is severely wounded.
The gnoll closely misses you. The gnoll hits you with a +0 flail!
You shoot an arrow. The arrow barely misses the gnoll.
The arrow hits the gnoll sergeant.
The gnoll sergeant is lightly wounded.
You have got your breath back.
The gnoll sergeant barely misses you. The gnoll barely misses you.
The gnoll hits you but does no damage.
2428 ||| INVOKING Spit Poison.
Aiming: Spit Poison (1% risk of failure)
Press: ? - help, Shift-Dir - straight line, f/p - gnoll The splash of poison misses the gnoll.
The splash of poison hits the gnoll sergeant!
The gnoll sergeant is poisoned.
The gnoll sergeant is moderately wounded.
The gnoll sergeant barely misses you. The gnoll hits you with a +0 flail.
You die...

#............######..%
#.........)### #..#
#..........# #..#
#.........## #.##
#)..~~~~~~~~~# #.#
#...~##~~~##~# #.#
#<..~###### # ###
##..~~#g..# ##..@gg.$#
##~~#g..# #~## ### #~#
#~~ ###


You could see a gnoll sergeant (poisoned) and 3 gnolls.

Vanquished Creatures
  A sleepcap (D:4)
  An iguana (D:4)
  8 gnolls
  3 adders
  2 worms
  7 orcs
  3 bats
  4 endoplasms
  5 giant cockroaches
  8 goblins
  8 hobgoblins
  5 quokkas
  6 ball pythons
  5 frilled lizards
  8 kobolds
  9 rats
83 creatures vanquished.

Notes
Turn   | Place    | Note
-------+----------+-------------------------------------------
     0 | D:1      | qw the Naga Hunter began the quest for the Orb.
     0 | D:1      | Reached XP level 1. HP: 19/19 MP: 1/1
     0 | D:1      | 0 ||| qw: Version: 0.2-a-122-gbc61b45
     0 | D:1      | 0 ||| qw: Game counter: 3610
     0 | D:1      | 0 ||| qw: Always use a shield: true
     0 | D:1      | 0 ||| qw: God list: Okawaru
     0 | D:1      | 0 ||| qw: Allow faded altars: false
     0 | D:1      | 0 ||| qw: Do Orc after D:15 true
     0 | D:1      | 0 ||| qw: Do second Lair branch before Depths: true
     0 | D:1      | 0 ||| qw: Lair rune preference: random
     0 | D:1      | 0 ||| qw: Plans: Normal
     0 | D:1      | 0 ||| PLANNING D:1-11
    21 | D:1      | 21 ||| INVOKING Spit Poison.
    86 | D:1      | 86 ||| INVOKING Spit Poison.
    89 | D:1      | Reached skill level 4 in Ranged Weapons
    89 | D:1      | Reached XP level 2. HP: 26/26 MP: 2/2
   111 | D:1      | 111 ||| INVOKING Spit Poison.
   112 | D:1      | Found Zaza's Distillery.
   121 | D:1      | 121 ||| SHOPLISTING potion of curing (42 gold, have 27).
   121 | D:1      | 121 ||| SHOPLISTING potion of mutation (112 gold, have 27).
   121 | D:1      | 121 ||| SHOPLISTING potion of resistance (140 gold, have
                  | 27).
   123 | D:1      | Found Kemuaggup's Distillery.
   124 | D:1      | 124 ||| INVOKING Spit Poison.
   130 | D:1      | 130 ||| INVOKING Spit Poison.
   133 | D:1      | 133 ||| SHOPLISTING potion of curing (39 gold, have 27).
   133 | D:1      | 133 ||| SHOPLISTING potion of mutation (104 gold, have 27).
   133 | D:1      | 133 ||| SHOPLISTING potion of resistance (130 gold, have
                  | 27).
   137 | D:1      | 137 ||| INVOKING Spit Poison.
   145 | D:1      | Found Beff's Book Shoppe.
   154 | D:1      | 154 ||| INVOKING Spit Poison.
   155 | D:1      | 155 ||| READING scroll labelled HUREAF XEIDIOQI.
   178 | D:1      | 178 ||| INVOKING Spit Poison.
   489 | D:1      | 489 ||| UPGRADING to +2 hat.
   494 | D:1      | 494 ||| UPGRADING to amulet of faith.
   499 | D:1      | 499 ||| READING scroll labelled UBBACI QEKO.
   500 | D:1      | 500 ||| READING scroll labelled XOC WOK MERCH.
   501 | D:1      | 501 ||| READING scroll labelled TEEPNU VEGOZ.
   502 | D:1      | 502 ||| READING scroll labelled FIEJOFA SYPN.
   503 | D:1      | 503 ||| READING scroll labelled XOUTHUMORCH.
   506 | D:1      | 506 ||| READING scroll labelled NUKHAJ MONWAWUPP.
   507 | D:1      | 507 ||| READING 3 scrolls of identify.
   507 | D:1      | 507 ||| IDENTIFYING murky black potion
   508 | D:1      | 508 ||| READING 2 scrolls of identify.
   508 | D:1      | 508 ||| IDENTIFYING viscous black potion
   509 | D:1      | 509 ||| DROPPING scroll of butterflies.
   510 | D:1      | 510 ||| DROPPING potion of magic.
   558 | D:2      | 558 ||| INVOKING Spit Poison.
   564 | D:2      | 564 ||| INVOKING Spit Poison.
   597 | D:2      | Found a glowing golden altar of the Shining One.
   613 | D:2      | 613 ||| INVOKING Spit Poison.
   626 | D:2      | 626 ||| INVOKING Spit Poison.
   635 | D:2      | 635 ||| UPGRADING to +2 ring mail of cold resistance.
   646 | D:2      | 646 ||| INVOKING Spit Poison.
   648 | D:2      | 648 ||| DROPPING +0 leather armour.
   689 | D:2      | 689 ||| INVOKING Spit Poison.
   815 | D:2      | 815 ||| INVOKING Spit Poison.
   823 | D:2      | 823 ||| INVOKING Spit Poison.
   825 | D:2      | Reached XP level 3. HP: 32/32 MP: 3/3
   861 | D:2      | 861 ||| INVOKING Spit Poison.
   864 | D:2      | 864 ||| INVOKING Spit Poison.
   878 | D:2      | 878 ||| INVOKING Spit Poison.
   909 | D:2      | 909 ||| INVOKING Spit Poison.
  1034 | D:2      | 1034 ||| INVOKING Spit Poison.
  1039 | D:2      | 1039 ||| INVOKING Spit Poison.
  1061 | D:2      | 1061 ||| INVOKING Spit Poison.
  1118 | D:2      | 1118 ||| INVOKING Spit Poison.
  1300 | D:2      | 1300 ||| INVOKING Spit Poison.
  1587 | D:2      | 1587 ||| UPGRADING to ring of protection from cold.
  1642 | D:3      | 1642 ||| INVOKING Spit Poison.
  1647 | D:3      | 1647 ||| INVOKING Spit Poison.
  1705 | D:3      | 1705 ||| INVOKING Spit Poison.
  1711 | D:3      | 1711 ||| INVOKING Spit Poison.
  1715 | D:3      | Reached skill level 5 in Ranged Weapons
  1715 | D:3      | Reached XP level 4. HP: 28/39 MP: 4/4
  1718 | D:3      | 1718 ||| FLEEEEING.
  1719 | D:3      | 1719 ||| FLEEEEING.
  1720 | D:3      | 1720 ||| INVOKING Spit Poison.
  1724 | D:3      | 1724 ||| INVOKING Spit Poison.
  1748 | D:3      | 1748 ||| INVOKING Spit Poison.
  1840 | D:3      | 1840 ||| INVOKING Spit Poison.
  1887 | D:3      | 1887 ||| INVOKING Spit Poison.
  1892 | D:3      | 1892 ||| INVOKING Spit Poison.
  1946 | D:3      | 1946 ||| INVOKING Spit Poison.
  1977 | D:3      | 1977 ||| INVOKING Spit Poison.
  1981 | D:3      | 1981 ||| INVOKING Spit Poison.
  2057 | D:3      | 2057 ||| INVOKING Spit Poison.
  2078 | D:3      | 2078 ||| INVOKING Spit Poison.
  2091 | D:3      | 2091 ||| READING scroll labelled RUKU ROPSEI.
  2131 | D:4      | Reached skill level 3 in Fighting
  2131 | D:4      | Reached XP level 5. HP: 49/49 MP: 5/5
  2139 | D:4      | 2139 ||| INVOKING Spit Poison.
  2142 | D:4      | 2142 ||| INVOKING Spit Poison.
  2147 | D:4      | 2147 ||| INVOKING Spit Poison.
  2224 | D:4      | 2224 ||| INVOKING Spit Poison.
  2253 | D:4      | 2253 ||| INVOKING Spit Poison.
  2259 | D:4      | 2259 ||| INVOKING Spit Poison.
  2264 | D:4      | 2264 ||| INVOKING Spit Poison.
  2283 | D:4      | 2283 ||| INVOKING Spit Poison.
  2302 | D:4      | 2302 ||| INVOKING Spit Poison.
  2316 | D:4      | 2316 ||| INVOKING Spit Poison.
  2319 | D:4      | 2319 ||| INVOKING Spit Poison.
  2321 | D:4      | Reached XP level 6. HP: 56/56 MP: 6/6
  2322 | D:4      | 2322 ||| INVOKING Spit Poison.
  2323 | D:4      | 2323 ||| INVOKING Spit Poison.
  2371 | D:4      | 2371 ||| INVOKING Spit Poison.
  2372 | D:4      | 2372 ||| INVOKING Spit Poison.
  2375 | D:4      | 2375 ||| INVOKING Spit Poison.
  2381 | D:4      | 2381 ||| INVOKING Spit Poison.
  2397 | D:4      | 2397 ||| INVOKING Spit Poison.
  2419 | D:4      | 2419 ||| INVOKING Spit Poison.
  2424 | D:4      | 2424 ||| INVOKING Spit Poison.
  2425 | D:4      | Reached skill level 6 in Ranged Weapons
  2425 | D:4      | HP: 11/56 [gnoll sergeant/+2 heavy spear (9)]
  2426 | D:4      | HP: 2/56 [gnoll/+0 flail[a gnoll sergeant] (7)]
  2428 | D:4      | 2428 ||| INVOKING Spit Poison.
  2428 | D:4      | Slain by a gnoll

Levels and vault maps discovered:
D:1:      tarquinn_simple_flora_water_e, layout_rooms, serial_shops,
          nicolae_shop_industrial_runoff, shop, nicolae_shop_tiny_waterfront
D:2:      layout_basic, basic_altar, serial_forest, infiniplex_forest_side_room,
          infiniplex_forest_lined_2, infiniplex_forest_split,
          infiniplex_forest_lined_2, infiniplex_forest_clump_cross,
          infiniplex_forest_3_way, infiniplex_forest_end_3,
          infiniplex_forest_clump_C, infiniplex_forest_corner_1,
          infiniplex_forest_clump_medium
D:3:      layout_basic
D:4:      layout_rooms, lightli_minifort

Skill      XL: |  1  2  3  4  5  6 |
---------------+-------------------+-----
Ranged Weapons | 4 5 6 |  6.0
Fighting       | 3 |  3.4
Dodging        | |  1.5
Stealth        | |  1.5

Action                     |  1- 3 |  4- 6 || total
---------------------------+-------+-------++-------
   Fire: Shortbow          |    70 |    72 ||   142
Ability: Spit Poison       |    29 |    30 ||    59
    Use: Scroll            |     9 |     1 ||    10
 Armour: Ring mail         |     1 |    16 ||    17
  Dodge: Dodged            |     9 |    19 ||    28

Table legend:
 A = Non-vault XP
 B = Vault XP
 C = Vault XP percentage of total XP
 D = Non-vault monster count
 E = Vault monster count
 F = Vault count percentage of total count
                 A         B        C        D         E       F
            +---------+---------+-------+---------+---------+-------
      Total |     343 |      14 |   3.9 |      82 |       1 |   1.2
            +---------+---------+-------+---------+---------+-------
        D:1 |      25 |       0 |   0.0 |      16 |       0 |   0.0
        D:2 |      33 |       0 |   0.0 |      19 |       0 |   0.0
        D:3 |      95 |       0 |   0.0 |      23 |       0 |   0.0
        D:4 |     190 |      14 |   6.9 |      24 |       1 |   4.0
            +---------+---------+-------+---------+---------+-------
